 Dungeon Crawl Stone Soup version 0.28-a0-1235-g7c8fac35f0 (webtiles) character file.

Game seed: 15513645390740983224

452 Gwenloh the Digger (level 7, -4/36 HPs)
             Began as a Gargoyle Earth Elementalist on Dec 24, 2021.
             Shot with an arrow by a centaur (6 damage)
             ... on level 5 of the Dungeon.
             The game lasted 00:11:00 (5037 turns).

Gwenloh the Digger (Gargoyle Earth Elementalist)    Turns: 5037, Time: 00:11:01

Health: -4/36      AC:  7    Str: 12    XL:     7   Next: 4%
Magic:  3/12       EV: 12    Int: 17    God:
Gold:   219        SH:  0    Dex: 10    Spells: 7/13 levels left

rFire   . . .      SeeInvis .   b - +0 hunting sling
rCold   . . .      Faith    .   (no shield)
rNeg    + . .      Spirit   .   p - +0 robe
rPois   ∞          Reflect  .   (no helmet)
rElec   +          Harm     .   r - +0 cloak
rCorr   .          Rampage  .   (no gloves)
Will    .....                   (no boots)
Stlth   ++........              (no amulet)
HPRegen 0.12/turn               (no ring)
MPRegen 0.13/turn               (no ring)

@: very slightly contaminated
A: sickness immunity, AC +4, negative energy resistance 1, electricity
resistance, torment resistance 1, petrification resistance
a: no special abilities


You were on level 5 of the Dungeon.
You visited 1 branch of the dungeon, and saw 5 of its levels.

You collected 219 gold pieces.

Inventory:

Hand Weapons
 a - a +1 dagger of venom
 b - a +0 hunting sling (weapon)
 d - a +0 mace
Missiles
 c - 158 stones
 o - 9 sling bullets (quivered ammo)
Armour
 m - a +0 buckler
 p - a +0 robe (worn)
 r - a +0 cloak (worn)
Scrolls
 f - a scroll of holy word {unknown}
 g - 2 scrolls of teleportation {unknown}
 h - 2 scrolls of brand weapon {unknown}
 j - 2 scrolls of vulnerability {unknown}
 l - 2 scrolls of identify {unknown}
 n - 2 scrolls of acquirement {unknown}
 q - 4 scrolls of blinking {unknown}
 t - a scroll of enchant armour {unknown}
 u - a scroll of enchant weapon {unknown}
 w - a scroll of fear {unknown}
 x - a scroll of silence {unknown}
 y - a scroll of amnesia {unknown}
Potions
 e - a potion of degeneration {unknown}
 i - a potion of ambrosia {unknown}
 k - 2 potions of haste {unknown}
 s - a potion of brilliance {unknown}
 v - a potion of cancellation {unknown}


   Skills:
 + Level 3.0 Dodging
 - Level 2.1 Stealth
 + Level 3.5 Spellcasting
 + Level 2.5 Conjurations
 - Level 0.7 Transmutations
 * Level 6.6 Earth Magic


You had 7 spell levels left.
You knew the following spells:

 Your Spells              Type           Power      Damage    Failure   Level
a - Sandblast             Erth           50%        2d12      1%          1
b - Stone Arrow           Conj/Erth      36%        3d9       8%          3
c - Passwall              Tmut/Erth      12%        N/A       5%          2

Your spell library contained the following spells:

 Spells                   Type           Power      Damage    Failure   Level
 Blink                    Tloc           4%         N/A       26%         2
 Petrify                  Tmut/Erth      15%        N/A       34%         4
 Manifold Assault         Tloc           2%         N/A       99%         5
 Fire Storm               Conj/Fire      3%         8d1       100%        9


Dungeon Overview and Level Annotations

Branches:
Dungeon (5/15)
 Temple: D:4-7

Altars:
Elyvilon

Shops:
D:1 !(


Innate Abilities, Weirdness & Mutations

You are immune to sickness and miasma.
Your stone body is resilient. (AC +4)
You are immune to poison.
You resist negative energy. (rN+)
You are resistant to electric shocks. (rElec)
You are resistant to unholy torment.
You are immune to petrification.


Message History

There is a dry fountain here.
o - 9 sling bullets (gained 1)
You open the door.
There is an open door here.
A centaur comes into view.
The centaur wields a +0 shortbow.
The centaur shoots an arrow.
The arrow hits you.
The centaur shoots an arrow.
The arrow hits you!
Casting: Sandblast (safe; 1% risk of failure)
Confirm with . or Enter, or press ? or * to list all spells.
You can't see any susceptible monsters within range! (Use Z to cast anyway.)
The centaur shoots an arrow.
The arrow hits you!
The centaur shoots an arrow.
The arrow hits you.
Casting: Sandblast (safe; 1% risk of failure)
Confirm with . or Enter, or press ? or * to list all spells.
Aiming: Stone Arrow (dangerous; 8% risk of failure)
Press: ? - help, Shift-Dir - straight line, f - centaur
Aim: a centaur, wielding a +0 shortbow and quivering arrows (81% to hit)
You miscast Stone Arrow.
You are very lightly contaminated with residual magic.
Nothing appears to happen.
The centaur shoots an arrow.
The arrow hits you.
* * * LOW HITPOINT WARNING * * *
Casting: Stone Arrow (dangerous; 8% risk of failure)
Confirm with . or Enter, or press ? or * to list all spells.
Aiming: Stone Arrow (dangerous; 8% risk of failure)
Press: ? - help, Shift-Dir - straight line, f/p - centaur
Aim: a centaur, wielding a +0 shortbow and quivering arrows (81% to hit)
The stone arrow hits the centaur.
The centaur is moderately wounded.
The centaur shoots an arrow.
The arrow hits you!
* * * LOW HITPOINT WARNING * * *
The centaur shoots an arrow.
The arrow barely misses you.
Casting: Stone Arrow (dangerous; 8% risk of failure)
Confirm with . or Enter, or press ? or * to list all spells.
Aiming: Stone Arrow (dangerous; 8% risk of failure)
Press: ? - help, Shift-Dir - straight line, f/p - centaur
Aim: a centaur, wielding a +0 shortbow and quivering arrows (moderately wounded, 81% to hit)
The stone arrow misses the centaur.
The centaur shoots an arrow.
The arrow hits you.
You die...

.. ..... #.## #.... ...
#..... ..# #...# #.#
#...# #.#
#...#####.####.###
#.........@..c....
.######....####.#.##.##.
..................#
..................#
#######'#######..##
#...##...# ####
<.†....⌠.+ #...##...#
#######.##


You could see a centaur.

Vanquished Creatures
  A water moccasin (D:4)
  A wyvern skeleton (D:4)
  3 hounds
  A jelly (D:4)
  Jessica (D:2)
  An iguana (D:5)
  A hound skeleton (D:4)
  2 adders
  An adder skeleton (D:4)
  A worm (D:3)
  2 dart slugs
  3 orcs
  3 bats
  8 endoplasms
  3 giant cockroaches
  6 goblins
  2 hobgoblins
  16 jackals
  4 quokkas
  8 ball pythons
  A frilled lizard (D:3)
  6 kobolds
  7 rats
82 creatures vanquished.

Vanquished Creatures (others)
  8 plants (D:1)
8 creatures vanquished.

Grand Total: 90 creatures vanquished

Notes
Turn   | Place    | Note
-------+----------+-------------------------------------------
     0 | D:1      | Gwenloh the Gargoyle Earth Elementalist began the quest for
                  | the Orb.
     0 | D:1      | Reached XP level 1. HP: 10/10 MP: 3/3
    38 | D:1      | Found Casem's Distillery.
   342 | D:1      | Reached skill level 4 in Earth Magic
   342 | D:1      | Reached XP level 2. HP: 15/15 MP: 3/5
   364 | D:1      | Learned a level 2 spell: Passwall
   675 | D:1      | Found Nunugim's Weapon Emporium.
   800 | D:1      | Found a faded altar of an unknown god.
  1651 | D:2      | Noticed Jessica
  1654 | D:2      | Killed Jessica
  1655 | D:2      | Reached XP level 3. HP: 19/19 MP: 4/6
  2437 | D:2      | Reached XP level 4. HP: 24/24 MP: 7/7
  2441 | D:2      | Learned a level 3 spell: Stone Arrow
  3088 | D:2      | Reached skill level 5 in Earth Magic
  3748 | D:3      | Reached skill level 1 in Conjurations
  3748 | D:3      | Reached XP level 5. HP: 18/28 MP: 7/9
  3973 | D:3      | Found a white marble altar of Elyvilon.
  4208 | D:4      | Noticed a water moccasin
  4218 | D:4      | Killed a water moccasin
  4219 | D:4      | Reached skill level 6 in Earth Magic
  4219 | D:4      | Reached XP level 6. HP: 16/32 MP: 7/10
  4564 | D:4      | Got the Compendium of the Traveller and the Blaze
  4984 | D:5      | Entered Level 5 of the Dungeon
  4991 | D:5      | Reached XP level 7. HP: 36/36 MP: 9/12
  5037 | D:5      | Shot with an arrow by a centaur

Illustrated notes

Levels and vault maps discovered:
D:1:      amcnicky_arrival_feature_with_door, layout_loops_ring,
          dilly_ecumenical_altar_fadedgnrine, serial_shops, shop, shop,
          nrook_loot_triangle, minmay_cut_off
D:2:      minmay_inner_zag, layout_basic, serial_rivers,
          chequers_serial_rivers_room_a, chequers_serial_rivers_large_b,
          chequers_serial_rivers_micro_b, chequers_serial_rivers_small_a,
          chequers_serial_rivers_micro_d, small_statue_intersection,
          patterned_corridor, uniq_jessica
D:3:      layout_rooms, mainiacjoe_overflow_alcove_4
D:4:      layout_cave_pools
D:5:      layout_loops_cross, serial_shops, shop_statue, grunt_ministairs_5,
          hex_medium

Skill      XL: |  1  2  3  4  5  6 |
---------------+-------------------+-----
Earth Magic    | 4 5 6 |  6.6
Dodging        | 2 3 |  3.0
Conjurations   | 1 2 |  2.5
Spellcasting   | 3 |  3.5
Stealth        | |  2.1
Transmutations | |  0.7

Action                   |  1- 3 |  4- 6 |  7- 9 || total
-------------------------+-------+-------+-------++-------
Melee: Unarmed           |    30 |       |       ||    30
       Mace              |    50 |       |       ||    50
       Dagger            |    10 |    83 |       ||    93
 Fire: Hunting sling     |     6 |   110 |       ||   116
 Cast: Sandblast         |     8 |    12 |       ||    20
       Stone Arrow       |       |       |     2 ||     2
 Stab: Sleeping          |     2 |       |       ||     2
Armor: Robe              |    25 |    49 |       ||    74
Dodge: Dodged            |    48 |    68 |     1 ||   117

Table legend: (Time is in decaauts)
 A = Elapsed time spent in this place.
 B = Non-inter-level travel time spent in this place.
 C = Inter-level travel time spent in this place.
 D = Time resting spent in this place.
 E = Time spent auto-exploring this place.
 F = Levels seen in this place.
 G = Mean time per level.
                   A        B        C        D        E       F      G
               +--------+--------+--------+--------+--------+-----+--------+
         Total |   5090 |   4893 |    197 |    530 |   3621 |   5 | 1018.0 |
       Dungeon |   5090 |   4893 |    197 |    530 |   3621 |   5 | 1018.0 |
               +--------+--------+--------+--------+--------+-----+--------+

Top non-repeatable levels by time:
     D:2: 1775 daAuts
     D:1: 1576 daAuts
     D:4: 988 daAuts
     D:3: 697 daAuts
     D:5: 53 daAuts
